 Dungeon Crawl Stone Soup version 0.29.1-1-gd02db6906a (webtiles) character file.

Game seed: 17708694653345994034

32 raistware the Conjurer (level 3, -3/21 HPs)
             Began as an Octopode Conjurer on Oct 20, 2022.
             Slain by an orc priest
             ... wielding a +0 hand axe
              (6 damage)
             ... on level 1 of the Dungeon.
             The game lasted 00:01:46 (1349 turns).

raistware the Conjurer (Octopode Conjurer)          Turns: 1349, Time: 00:01:46

Health: -3/21      AC:  1    Str:  6    XL:     3   Next: 25%
Magic:  5/7        EV: 13    Int: 22    God:
Gold:   66         SH:  0    Dex: 10    Spells: 7/8 levels left

rFire   . . .      SeeInvis .   (no weapon)
rCold   . . .      Faith    .   (no shield)
rNeg    . . .      Spirit   .   (helmet restricted)
rPois   .          Reflect  .   (no amulet)
rElec   .          Harm     .   (no ring)
rCorr   .          Rampage  .   (no ring)
Will    .....                   (no ring)
Stlth   +++.......              (no ring)
HPRegen 0.07/turn               (no ring)
MPRegen 0.10/turn               (no ring)
                                (no ring)
                                (no ring)

@: no status effects
A: almost no armour, amphibious, 8 rings, camouflage 1, gelatinous body 1,
(nimble swimmer 1), tentacles
a: no special abilities


You were on level 1 of the Dungeon.
You visited 1 branch of the dungeon, and saw 2 of its levels.

You collected 66 gold pieces.

Inventory:

Scrolls
 c - a scroll of teleportation {unknown}
 e - a scroll of torment {unknown}
 f - a scroll of blinking {unknown}
Potions
 a - a potion of magic
 b - a potion of haste {unknown}
 d - a potion of heal wounds {unknown}


   Skills:
 - Level 2.0 Dodging
 - Level 2.6 Stealth
 + Level 3.4 Spellcasting
 - Level 4.0 Conjurations


You had 7 spell levels left.
You knew the following spells:

 Your Spells              Type           Power      Damage    Failure   Level
a - Magic Dart            Conj           84%        1d7       2%          1

Your spell library contained the following spells:

 Spells                   Type           Power      Damage    Failure   Level
 Searing Ray              Conj           42%        2d6       3%          2
 Dazzling Flash           Conj/Hex       24%        N/A       16%         3
 Fulminant Prism          Conj/Hex       6%         3d7       45%         4
 Iskenderun's Mystic Bla  Conj/Tloc      12%        2d5       45%         4


Dungeon Overview and Level Annotations

Branches:
Dungeon (2/15)

Altars:

Shops:
D:1 *


Innate Abilities, Weirdness & Mutations

You cannot wear most types of armour.
You are amphibious.
You can wear up to eight rings at the same time.
Your skin changes colour to match your surroundings (Stealth+).
Your rubbery body absorbs attacks. (AC +1, EV +1)
((You are camouflaged when in or above water. (Stealth+)))
You have tentacles for arms and can constrict up to eight enemies at once.


Message History

Done exploring.
Done exploring.
(D) Dungeon
Where to? (? - help)
There is an open door here.
There is a stone staircase leading down here.
You climb downwards.
Found three items.
There is a stone staircase leading up here.
There are monsters nearby!
Casting: Magic Dart (safe; 2% risk of failure)
Confirm with . or Enter, or press ? or * to list all spells.
Aiming: Magic Dart (safe; 2% risk of failure)
Press: ? - help, Shift-Dir - straight line, f - orc priest
Aim: an orc priest, wielding a +0 hand axe (asleep, 100% to hit)
The magic dart hits the orc priest!
The orc priest is heavily wounded.
The orc priest shouts!
The orc wizard shouts!
The orc shouts! x2
The orc hits you with a +0 club.
The orc wizard mumbles some strange words.
The orc wizard flickers and vanishes!
Deactivating autopickup; reactivate with Ctrl-A.
The orc priest invokes the aid of Beogh against you.
Beogh smites you!
Ouch! That really hurt!
* * * LOW HITPOINT WARNING * * *
You climb upwards.
Reactivating autopickup.
There is a stone staircase leading down here.
The orc attacks as you move away! The orc misses you.
Casting: Magic Dart (safe; 2% risk of failure)
Confirm with . or Enter, or press ? or * to list all spells.
Aiming: Magic Dart (safe; 2% risk of failure)
Press: ? - help, Shift-Dir - straight line, f - orc priest
Aim: an orc priest, wielding a +0 hand axe (heavily wounded, 100% to hit)
The magic dart hits the orc priest.
The orc priest is severely wounded.
The orc misses you.
The orc priest hits you with a +0 hand axe.
You die...

.......#.#...#.# #.......#...#
####.###.#...#.### ####.........
####.# #.........# #####..##.#..#
#[##.###.........###...#..##.#...
#.##...............'......##.#..#
#.##.....>...###.#.#...#.###.#..#
#....###.....# #.#.#...#.# #.#..#
#.##.#.).....# #.#.#####.###.#...
#.##.###...#.###@#.###.......#...
#.##............oo.....#.###.#...
#.######.................# #.#...
..# #.##..##..#.###.#)# #.#...
### #.##..##..#.###.#.###.....
########.##............#.........
.....>...................###.##..
########.##........###.#.###.##..
#.....................##..


You could see an orc priest and an orc.

Vanquished Creatures
  A dart slug (D:1)
  2 bats (D:1)
  An endoplasm (D:1)
  3 goblins (D:1)
  4 hobgoblins (D:1)
  4 kobolds (D:1)
  2 quokkas (D:1)
  5 ball pythons (D:1)
  2 frilled lizards (D:1)
  2 rats (D:1)
26 creatures vanquished.

Notes
Turn   | Place    | Note
-------+----------+-------------------------------------------
     0 | D:1      | raistware the Octopode Conjurer began the quest for the
                  | Orb.
     0 | D:1      | Reached XP level 1. HP: 11/11 MP: 3/3
   181 | D:1      | Reached XP level 2. HP: 17/17 MP: 2/5
   721 | D:1      | Found Loivej's Assorted Antiques.
   747 | D:1      | Reached XP level 3. HP: 21/21 MP: 0/7
  1349 | D:1      | Slain by an orc priest

Illustrated notes

Levels and vault maps discovered:
D:1:      giann_bridges, layout_basic, serial_curves, eino_curves_04,
          eino_curves_04, serial_shops, shop
D:2:      layout_basic, dreamdust_ecumenical_altar_angels_and_demons

Skill      XL: |  1  2 |
---------------+-------+-----
Spellcasting   | 3 |  3.4
Dodging        | |  2.0
Stealth        | |  2.6
Conjurations   | |  4.0

Action                   || total
-------------------------++-------
Melee: Unarmed           ||    10
       Constrict         ||     2
       Tentacles         ||     1
 Cast: Magic Dart        ||    43
Armor: Skin              ||     1
Dodge: Dodged            ||    11
